 Dungeon Crawl Stone Soup version 0.24-a0-584-g9d6b971ae4 (webtiles) character file.

Game seed: 16540779789800816393, levelgen mode: deterministic

559 BreadTh the Cleaver (level 7, -12/88 HPs)
             Began as a Minotaur Berserker on Sept 2, 2019.
             Was a Believer of Trog.
             Mangled by an ogre
             ... wielding a +0 giant spiked club
              (24 damage)
             ... on level 3 of the Dungeon.
             The game lasted 00:08:52 (2850 turns).

BreadTh the Cleaver (Minotaur Berserker)            Turns: 2850, Time: 00:08:53

Health: -12/88     AC:  3    Str: 27    XL:     7   Next: 9%
Magic:  6/6        EV: 12    Int:  4    God:    Trog [**....]
Gold:   114        SH:  0    Dex: 11    Spells: 6/6 levels left

rFire    . . .     SeeInvis .   a - +0 hand axe
rCold    . . .     Gourm    .   (no shield)
rNeg     . . .     Faith    .   e - +0 leather armour
rPois    .         Spirit   .   (helmet restricted)
rElec    .         Reflect  .   (no cloak)
rCorr    .         Harm     .   (no gloves)
MR       .....     Rnd*Tele +   (no boots)
Stlth    ..........             (no amulet)
HPRegen  0.24/turn              d - ring of teleportation (curse)
MPRegen  0.10/turn              o - +3 ring of slaying

@: berserking, very quick
A: retaliatory headbutt, horns 2
a: Berserk, Trog's Hand, Renounce Religion


You were on level 3 of the Dungeon.
You worshipped Trog.
Trog was pleased with you.
You were hungry.

You visited 1 branch of the dungeon, and saw 3 of its levels.

You collected 114 gold pieces.

Inventory:

Hand Weapons
 a - a +0 hand axe (weapon)
Missiles
 h - 4 curare-tipped darts (quivered)
 i - 64 arrows
 j - 69 stones
 r - 8 bolts
Armour
 e - a +0 leather armour (worn)
 k - +0 storm dragon scales
Jewellery
 d - a cursed ring of teleportation (left hand)
 m - an uncursed ring of poison resistance
 o - a +3 ring of slaying (right hand)
 q - an uncursed ring of resist corrosion
Scrolls
 l - a scroll of teleportation
Potions
 b - 2 potions of might
 f - a potion of haste {unknown}
 g - a potion of invisibility {unknown}
 n - a potion of mutation {unknown}
 p - 2 potions of flight {unknown}
Comestibles
 c - 6 rations
 s - 3 chunks of flesh


   Skills:
 - Level 4.2 Fighting
 * Level 8.7 Axes
 + Level 0.2 Throwing
 - Level 3.4 Armour
 - Level 3.1 Dodging
 + Level 0.7 Stealth


You had 6 spell levels left.
You didn't know any spells.
Your spell library was empty.

Dungeon Overview and Level Annotations

Branches:
Dungeon (3/15)

Altars:
Ashenzari
Cheibriados
Gozag
Yredelemnul
The Shining One

Annotations:
D:2 from below


Innate Abilities, Weirdness & Mutations

You reflexively headbutt those who attack you in melee.
You have a pair of horns on your head.


Message History

An ogre comes into view. It is wielding a +0 giant spiked club.
Found a scroll labeled ERUCYAROFO.
The ogre shouts!
You hit the ogre.
The ogre is lightly wounded.
The ogre hits you with a +0 giant spiked club!!
You slash the ogre! Your headbutt misses the ogre.
The ogre is heavily wounded.
The ogre hits you with a +0 giant spiked club!!
Ouch! That really hurt!
* * * LOW HITPOINT WARNING * * *
You hear a shout!
Some of the chunks of flesh in your inventory have rotted away.
A red film seems to cover your vision as you go berserk!
You feel yourself moving faster!
You feel mighty!
You are feeling hungry.
You closely miss the ogre. You headbutt the ogre!
The ogre is almost dead.
The ogre hits you with a +0 giant spiked club!!
You die...

##.....##
#.##..###.##
##...##
#.##..# #.##
##'## #.#
... . #.#
#.. .. ##
#.# ###
####.##
#.....##
#......#
#.#..@##
#.##O.# .
.....
##?##..## #
#..# #..#
##########
#.....#
#####.#


You could see an ogre.

Vanquished Creatures
  Grinder (D:3)
  Sigmund (D:2)
  A scorpion (D:2)
  2 orc priests (D:3)
  Jessica (D:2)
  3 adders
  An ooze (D:3)
  A worm (D:2)
  3 dart slugs
  8 orcs (D:3)
  2 giant cockroaches
  2 goblins (D:2)
  2 hobgoblins (D:2)
  7 jackals
  2 kobolds
  2 quokkas
  6 bats
  5 frilled lizards
  2 rats
  A spectral orc (D:3)
53 creatures vanquished.

Notes
Turn   | Place    | Note
-------+----------+-------------------------------------------
     0 | D:1      | BreadTh the Minotaur Berserker began the quest for the Orb.
     0 | D:1      | Reached XP level 1. HP: 19/19 MP: 0/0
   166 | D:1      | Reached skill level 4 in Axes
   302 | D:1      | Reached XP level 2. HP: 27/27 MP: 1/1
   882 | D:2      | Found an opulent altar of Gozag.
   890 | D:2      | Found a snail-covered altar of Cheibriados.
   910 | D:2      | Reached XP level 3. HP: 33/33 MP: 2/2
   925 | D:2      | Found a shattered altar of Ashenzari.
   925 | D:2      | Noticed Jessica
  1223 | D:2      | Noticed a scorpion
  1230 | D:2      | Killed a scorpion
  1230 | D:2      | Reached skill level 5 in Axes
  1230 | D:2      | Reached XP level 4. HP: 28/40 MP: 3/3
  1551 | D:2      | Found a glowing golden altar of the Shining One.
  1558 | D:2      | Noticed Sigmund
  1565 | D:2      | Killed Sigmund
  1565 | D:2      | Reached skill level 6 in Axes
  1565 | D:2      | Reached XP level 5. HP: 46/46 MP: 4/4
  1942 | D:3      | Noticed Grinder
  1949 | D:3      | Killed Grinder
  1949 | D:3      | Reached skill level 8 in Axes
  1949 | D:3      | Reached XP level 6. HP: 52/52 MP: 5/5
  2458 | D:3      | Reached ** piety under Trog
  2579 | D:3      | Found a basalt altar of Yredelemnul.
  2618 | D:3      | Reached XP level 7. HP: 50/59 MP: 6/6
  2812 | D:2      | Killed Jessica
  2850 | D:3      | Mangled by an ogre

Levels and vault maps discovered:
D:1:      dpeg_arrival_long_road, layout_basic
D:2:      layout_loops_ring, nicolae_overflow_hidden_temple,
          overflow_temple_1_default, kennysheep_slug_shrine,
          lemuel_crystal_altar, serial_forest, infiniplex_forest_3_way,
          infiniplex_forest_clump_large, infiniplex_forest_straight_3,
          infiniplex_forest_end_2, infiniplex_forest_lined_4_way, uniq_jessica,
          uniq_sigmund
D:3:      layout_loops_corners, yredelemnul_forgotten_temple_becter,
          nicolae_ru_path_of_blood, minmay_misc_feat_hallway,
          uniq_crazy_yiuf_cottage, uniq_grinder

Skill      XL: |  1  2  3  4  5 |
---------------+----------------+-----
Axes           | 4 5 6 8 |  8.7
Fighting       | 4 |  4.2
Dodging        | 3 |  3.1
Armour         | 3 |  3.4
Throwing       | |  0.2
Stealth        | |  0.7

Action                   |  1- 3 |  4- 6 |  7- 9 || total
-------------------------+-------+-------+-------++-------
Melee: Hand axe          |    43 |    58 |    19 ||   120
       Headbutt          |     5 |    11 |     6 ||    22
Throw: Dart              |     1 |       |       ||     1
Invok: Berserk           |       |     1 |     1 ||     2
  Use: Scroll            |       |     2 |       ||     2
  Eat: Chunk             |     1 |     5 |     1 ||     7
Armor: Leather armour    |    10 |    14 |     1 ||    25
Dodge: Dodged            |    34 |    36 |     8 ||    78

Table legend:
 A = Non-vault XP
 B = Vault XP
 C = Vault XP percentage of total XP
 D = Non-vault monster count
 E = Vault monster count
 F = Vault count percentage of total count
                 A         B        C        D         E       F
            +---------+---------+-------+---------+---------+-------
      Total |     288 |     511 |  64.0 |      48 |       5 |   9.4
            +---------+---------+-------+---------+---------+-------
        D:1 |      17 |       0 |   0.0 |       9 |       0 |   0.0
        D:2 |     111 |     261 |  70.2 |      15 |       3 |  16.7
        D:3 |     160 |     250 |  61.0 |      24 |       2 |   7.7
            +---------+---------+-------+---------+---------+-------
